 Dungeon Crawl Stone Soup version 0.22.1-2-g9c5b331 (webtiles) character file.

90 Goblin1989 the Covert (level 4, -4/29 HPs)
             Began as an Octopode Assassin on Dec 11, 2018.
             Was an Initiate of Gozag.
             Slain by Terence
             ... wielding a +0 flail
              (7 damage)
             ... on level 3 of the Dungeon.
             The game lasted 00:05:44 (2115 turns).

Goblin1989 the Covert (Octopode Assassin)           Turns: 2115, Time: 00:05:44

Health: -4/29      AC:  1    Str: 10    XL:     4   Next: 56%
Magic:  4/4        EV: 13    Int: 13    God:    Gozag
Gold:   162        SH:  0    Dex: 14    Spells: 2/3 levels left

rFire    . . .     SeeInvis .   a - +2 dagger
rCold    . . .     Gourm    .   (no shield)
rNeg     . . .     Faith    .   (helmet restricted)
rPois    .         Spirit   .   (no amulet)
rElec    .         Reflect  .   l - ring of flight
rCorr    .         Harm     .   (no ring)
MR       .....                  (no ring)
Stlth    +++++.....             (no ring)
HPRegen  0.09/turn              (no ring)
MPRegen  0.09/turn              (no ring)
                                (no ring)
                                (no ring)

@: no status effects
A: almost no armour, stealthy swim, amphibious, 8 rings, constrict 8, camouflage
1, gelatinous body 1
a: Potion Petition, Call Merchant, Bribe Branch, Renounce Religion, Evoke Flight


You were on level 3 of the Dungeon.
You worshipped Gozag.
Gozag was aware of your devotion.
You were not hungry.

You visited 1 branch of the dungeon, and saw 3 of its levels.

You collected 186 gold pieces.
You paid 24 gold pieces to Gozag.

Inventory:

Hand Weapons
 a - a +2 dagger (weapon)
 w - a +0 blowgun {@w1}
Missiles
 c - 8 poisoned needles
 d - 2 curare-tipped needles
 F - 80 bolts
 G - 42 stones (quivered) {@Q3}
 I - 36 sling bullets
Jewellery
 l - a ring of flight (left tentacle)
Wands
 Q - a wand of random effects (18)
Scrolls
 y - a scroll of immolation {unknown}
 z - 3 scrolls of teleportation {unknown}
 A - 2 scrolls of magic mapping {unknown}
 B - a scroll of noise {unknown}
 D - a scroll of blinking {unknown}
 H - a scroll of fog {unknown}
 J - 2 scrolls of remove curse {unknown}
 L - a scroll of random uselessness {unknown}
 N - a scroll of enchant armour {unknown}
 O - a scroll of identify {unknown}
Potions
 K - a potion of haste {unknown}
 M - a potion of might {unknown}
 P - a potion of agility {unknown}
Comestibles
 e - 5 rations


   Skills:
 - Level 2.0 Fighting
 - Level 2.0 Short Blades
 - Level 2.0 Throwing
 - Level 1.0 Dodging
 + Level 8.1 Stealth


You had 2 spell levels left.
You knew the following spells:

 Your Spells              Type           Power        Failure   Level  Hunger
b - Animate Skeleton      Necr           N/A          30%         1    ##.....

Your spell library contained the following spells:

 Spells                   Type           Power        Failure   Level  Hunger
 Apportation              Tloc           #.....       30%         1    ##.....
 Confusing Touch          Hex            #.....       30%         1    ##.....
 Summon Small Mammal      Summ           #...         30%         1    ##.....


Dungeon Overview and Level Annotations

Branches:
Dungeon (3/15)

Altars:
Gozag

Annotations:
D:3 Terence


Innate Abilities, Weirdness & Mutations

You cannot wear most types of armour.
You are very stealthy in the water. (Stealth+)
You are amphibious.
You can wear up to eight rings at the same time.
You can use your tentacles to constrict eight enemies at once.
Your skin changes colour to match your surroundings (Stealth+).
Your rubbery body absorbs attacks. (AC +1, EV +1)


Message History

No target in view!
P - a blue potion You open the large door.
A bat comes into view.
The bat hits you.
There is a large open door here.
You take 1 damage, and have 28/29 hp.
The bat hits you.
You take 1 damage, and have 27/29 hp.
You hit the bat but do no damage. Your grab misses the bat.
The bat completely misses you.
No reachable target in view!
No reachable target in view!
A bat is nearby!
A bat is nearby!
A bat is nearby!
A bat is nearby!
No reachable target in view!
The bat barely misses you.
There is a large open door here.
You hit the bat. Your grab misses the bat.
The bat is severely wounded.
The bat closely misses you.
You miss the bat. You grab the bat.
The bat is severely wounded.
You constrict the bat, but do no damage.
The bat hits you but does no damage.
The bat struggles to escape constriction. x2
You hit the bat.
You kill the bat!
No target in view!
You now have 156 gold pieces (gained 8).
There is a large open door here.
F - 80 bolts (gained 23) Health restored: 29 You open the large door.
A kobold comes into view. It is wielding a dagger.
A kobold is nearby!
A kobold is nearby!
A kobold is nearby!
There is a large open door here.
The helpless kobold fails to defend itself.
You impale the kobold!!
You kill the kobold!
No target in view!
No target in view!
You now have 162 gold pieces (gained 6).
You see here a dagger.
There is a large open door here.
Key pressed, stopping explore.
You open the large door.
There is a large open door here.
Key pressed, stopping explore.
There is a stone staircase leading down here.
You see here a wand of random effects (19).
Terence the Incautious comes into view.
He is wielding a flail.
You see here a wand of random effects (19).
Q - a wand of random effects (19) Terence screams, "I'm going to kill you!"
Terence hits you with a flail.
You take 5 damage, and have 24/29 hp.
You hit Terence but do no damage. You grab Terence.
You constrict Terence, but do no damage.
Terence barely misses you.
You hit Terence but do no damage. You constrict Terence.
You hit Terence but do no damage.
Terence is lightly wounded.
You constrict Terence, but do no damage.
Terence shouts, "ATTACK!!!"
Terence closely misses you.
You hit Terence but do no damage.
You constrict Terence, but do no damage.
Terence hits you with a flail.
You take 6 damage, and have 19/29 hp.
MASSIVE DAMAGE!!
You hit Terence but do no damage. You squeeze Terence, but do no damage.
You constrict Terence. Terence hits you with a flail!
* * * LOW HITPOINT WARNING * * *
You take 11 damage, and have 8/29 hp.
MASSIVE DAMAGE!!
You hit Terence but do no damage.
Terence is lightly wounded.
You constrict Terence. You hit Terence but do no damage.
You squeeze Terence, but do no damage.
Terence is lightly wounded.
You constrict Terence. Terence barely misses you.
You hit Terence but do no damage.
Terence is lightly wounded.
You constrict Terence, but do no damage.
Terence hits you with a flail!
* * * LOW HITPOINT WARNING * * *
You take 7 damage, and have 1/29 hp.
MASSIVE DAMAGE!!
You release your grip on Terence.
Terence shouts, "DIE!!!"
Terence says, "Did you write a will?
You should..."
Evoke which item? (* to show all) (? for menu, Esc to quit)
Aiming: Random Effects
Press: ? - help, Shift-Dir - straight line, f - Terence
Aim: Terence, wielding a flail and wearing a chain mail (lightly wounded) Terence looks slightly unstable.
Terence hits you with a flail!
You die...
Your body crumbles into a pile of gold.

█.█ █.███.█ █.████.███.█
█.██████
..........█.███......█
...............>█.██.█
██...................█
████████...███.█....█
█.......█....█
█..████@█....█
█.....@......██████████
█.█.█......██..........
███.█.█.█.█████...██████.
....█...█.█████∆∆████ █.
█..█...█.██§≈≈..§≈≈█ █.
█......█..█≈§≈..≈§≈█ █.
█......██.█≈≈█.██≈≈████.
▲.█....██.▲...█.█..∆.██.
█
█.█.......▲..█.█...∆.██.


You could see Terence.

Vanquished Creatures
  2 adders (D:2)
  3 oozes
  2 worms (D:2)
  2 dart slugs
  4 leopard geckos
  7 bats
  3 giant cockroaches
  6 goblins
  A hobgoblin (D:1)
  6 kobolds
  A quokka (D:2)
  2 frilled lizards (D:1)
  8 rats
47 creatures vanquished.

Notes
Turn   | Place    | Note
-------+----------+-------------------------------------------
     0 | D:1      | Goblin1989 the Octopode Assassin began the quest for the
                  | Orb.
     0 | D:1      | Reached XP level 1. HP: 14/14 MP: 1/1
    80 | D:1      | Reached skill level 6 in Stealth
    80 | D:1      | Reached XP level 2. HP: 19/19 MP: 2/2
   621 | D:1      | Reached XP level 3. HP: 9/24 MP: 3/3
   964 | D:2      | Reached skill level 7 in Stealth
  1188 | D:2      | Reached XP level 4. HP: 14/29 MP: 4/4
  1623 | D:2      | Found an opulent altar of Gozag.
  1627 | D:2      | Became a worshipper of Gozag Ym Sagoz the Greedy
  1682 | D:2      | Reached skill level 8 in Stealth
  1900 | D:3      | Learned a level 1 spell: Animate Skeleton
  2081 | D:3      | Noticed Terence
  2097 | D:3      | HP: 1/29 [Terence/flail (7)]
  2115 | D:3      | Slain by Terence

Skill      XL: |  1  2  3  4 |
---------------+-------------+-----
Stealth        | 6 7 8 |  8.1
Fighting       | |  2.0
Short Blades   | |  2.0
Throwing       | |  2.0
Dodging        | |  1.0

Action                   |  1- 3 |  4- 6 || total
-------------------------+-------+-------++-------
Melee: Dagger            |    53 |    36 ||    89
       Constrict         |     7 |     6 ||    13
       Tentacles         |     8 |     6 ||    14
Evoke: Wand              |       |     1 ||     1
 Stab: Sleeping          |    18 |     6 ||    24
  Eat: Chunk             |     1 |       ||     1
       Ration            |       |     1 ||     1
Armor: Skin              |     2 |     7 ||     9
Dodge: Dodged            |    11 |    13 ||    24

Vault maps used:
D:1:      dpeg_arrival_tiny_h, serial_glass, glass_columns_a, glass_columns_c
D:2:      overflow_temple_1_default
D:3:      cheibrodos_helix_gallery, lemuel_doored_altar,
          kennysheep_generic_room_4, uniq_terence
